 Dungeon Crawl Stone Soup version 0.28.0 (webtiles) character file.

Game seed: 5389558785105638554

38 SnakkuSnakku7 the Skirmisher (level 3, -4/34 HPs)
             Began as a Hill Orc Fighter on Feb 16, 2022.
             Succumbed to a kobold's poison
             ... on level 1 of the Dungeon.
             The game lasted 00:01:05 (521 turns).

SnakkuSnakku7 the Skirmisher (Hill Orc Fighter)      Turns: 521, Time: 00:01:05

Health: -4/34      AC:  6    Str: 20    XL:     3   Next: 43%
Magic:  3/3        EV:  9    Int:  8    God:
Gold:   67         SH:  4    Dex: 10    Spells: 2/2 levels left

rFire   . . .      SeeInvis .   a - +0 war axe
rCold   . . .      Faith    .   c - +0 buckler
rNeg    . . .      Spirit   .   b - +0 scale mail
rPois   .          Reflect  .   (no helmet)
rElec   .          Harm     .   (no cloak)
rCorr   .          Rampage  .   (no gloves)
Will    .....                   (no boots)
Stlth   ..........              (no amulet)
HPRegen 0.11/turn               (no ring)
MPRegen 0.08/turn               (no ring)

@: lethally poisoned (-4 -> -26)
A: no striking features
a: no special abilities


You were on level 1 of the Dungeon.
You visited 1 branch of the dungeon, and saw 1 of its levels.

You collected 67 gold pieces.

Inventory:

Hand Weapons
 a - a +0 war axe (weapon)
Armour
 b - a +0 scale mail (worn)
 c - a +0 buckler (worn)
Scrolls
 e - a scroll of blinking {unknown}
 g - a scroll of teleportation {unknown}
 h - a scroll of amnesia {unknown}
Potions
 d - a potion of might
 f - 2 potions of degeneration {unknown}
 i - a potion of attraction {unknown}
 j - a potion of invisibility {unknown}


   Skills:
 + Level 4.5 Fighting
 + Level 4.0 Axes
 - Level 3.2 Armour
 - Level 3.2 Shields


You had 2 spell levels left.
You didn't know any spells.
Your spell library was empty.

Dungeon Overview and Level Annotations

Branches:
Dungeon (1/15)

Altars:

Shops:
D:1 *


Message History

You open the door.
An endoplasm comes into view.
The endoplasm quivers.
An endoplasm is nearby!
An endoplasm is nearby!
There is an open door here.
You hit the endoplasm.
The endoplasm is almost dead.
The endoplasm freezes you.
You are frozen.
* * * LOW HITPOINT WARNING * * *
You slash the endoplasm!
You kill the endoplasm!
There is an open door here.
You open the door.
There is an open door here.
A kobold, an endoplasm and a goblin come into view.
The kobold is wielding a +1 whip of venom.
The kobold shouts!
The endoplasm quivers.
The goblin shouts!
The kobold moves out of view.
There are monsters nearby!
There are monsters nearby!
There are monsters nearby!
The kobold hits you with a +1 whip of venom.
* * * LOW HITPOINT WARNING * * *
You are lethally poisoned!
The endoplasm freezes you.
You are frozen.
* * * LOW HITPOINT WARNING * * *
You hit the endoplasm.
The endoplasm is severely wounded.
You hit the kobold but do no damage.
* * * LOW HITPOINT WARNING * * *
You feel very sick. The kobold hits you but does no damage.
You are more poisoned.
The endoplasm barely misses you.
You die...

#.#.### ####.
#.#.#.#######....
#.#.#............
#.#.#.#######.### ######
#.#.#........ #.....
#.#'#'########### ##.....
#.........##.....
......K##......†..'......
.....gJ.@.........##.....
...#################.....
#.>... #..... #####
#..... #...# ###### #...#
# #...# #
######...#########


You could see an endoplasm, a goblin and a kobold.

Vanquished Creatures
  A gnoll (D:1)
  2 dart slugs (D:1)
  A ball python (D:1)
  2 bats (D:1)
  3 endoplasms (D:1)
  A giant cockroach (D:1)
  A goblin (D:1)
  3 hobgoblins (D:1)
  2 jackals (D:1)
  A frilled lizard (D:1)
  2 kobolds (D:1)
  4 rats (D:1)
23 creatures vanquished.

Notes
Turn   | Place    | Note
-------+----------+-------------------------------------------
     0 | D:1      | SnakkuSnakku7 the Hill Orc Fighter began the quest for the
                  | Orb.
     0 | D:1      | Reached XP level 1. HP: 19/19 MP: 1/1
    57 | D:1      | Found Larax's Assorted Antiques.
    95 | D:1      | Reached XP level 2. HP: 21/27 MP: 2/2
   333 | D:1      | Reached XP level 3. HP: 24/34 MP: 3/3
   520 | D:1      | HP: 1/34 [poisoned by a kobold]
   521 | D:1      | Succumbed to a kobold's poison

Illustrated notes

Levels and vault maps discovered:
D:1:      grunt_arrival_crossed_arrows, layout_basic, serial_shops, shop,
          minmay_hedge_maze, serial_park_tiny_2

Skill      XL: |  1  2  3 |
---------------+----------+-----
Axes           | 3 4 |  4.0
Fighting       | 4 |  4.5
Armour         | |  3.2
Shields        | |  3.2

Action                   || total
-------------------------++-------
Melee: War axe           ||    64
Armor: Scale mail        ||    35
Dodge: Dodged            ||    29
Block: Buckler           ||    21
